 Dungeon Crawl Stone Soup version 0.29.1-2-gbd0b4ee654 (webtiles) character file.

Game seed: 3473084170248537870

25 Tiocfaidh the Trooper (level 3, 0/30 HPs)
             Began as a Barachi Cinder Acolyte on Nov 2, 2022.
             Was a High Priest of Ignis.
             Slain by Jessica
             ... wielding a +0 club
              (4 damage)
             ... on level 2 of the Dungeon.
             The game lasted 00:05:27 (1305 turns).

Tiocfaidh the Trooper (Barachi Cinder Acolyte)      Turns: 1305, Time: 00:05:27

Health: 0/30       AC:  2    Str: 14 (17) XL:     3   Next: 6%
Magic:  0/4        EV: 11    Int: 11 (14) God:    Ignis [*****.]
Gold:   72         SH:  0    Dex:  5 (7)  Spells: 2/4 levels left

rFire   + . .      SeeInvis .   a - -1 falchion (flame)
rCold   . . .      Faith    .   (no shield)
rNeg    . . .      Spirit   .   b - +0 robe
rPois   .          Reflect  .   (no helmet)
rElec   .          Harm     .   (no cloak)
rCorr   .          Rampage  .   (no gloves)
Will    .....                   (no boots)
Stlth   +.........              (no amulet)
HPRegen 0.10/turn               (no ring)
MPRegen 0.09/turn               (no ring)

@: very slightly contaminated, slow
A: amphibious, slowness 1, strong legs 1, +LOS
a: Hop, Renounce Religion, Fiery Armour, Foxfire Swarm, Rising Flame


You were on level 2 of the Dungeon.
You worshipped Ignis.
Ignis was extremely pleased with you.
You visited 1 branch of the dungeon, and saw 2 of its levels.

You collected 72 gold pieces.

Inventory:

Hand Weapons
 a - a -1 falchion of flaming (weapon)
Armour
 b - a +0 robe (worn)
Scrolls
 c - a scroll of poison {unknown}
 e - a scroll of amnesia {unknown}
 f - a scroll of teleportation {unknown}
 g - a scroll of enchant armour {unknown}
 h - a scroll of identify {unknown}
 i - 3 scrolls of brand weapon {unknown}
 k - a scroll of vulnerability {unknown}
Potions
 j - 2 potions of brilliance {unknown}
 l - a potion of mutation {unknown}


   Skills:
 + Level 4.2 Fighting
 + Level 4.1 Long Blades
 + Level 1.2 Spellcasting
 + Level 3.6 Fire Magic


You had 2 spell levels left.
You knew the following spells:

 Your Spells              Type           Power      Damage    Failure   Level
a - Scorch                Fire           16%        2d6       11%         2

Your spell library contained the following spells:

 Spells                   Type           Power      Damage    Failure   Level
 Foxfire                  Conj/Fire      16%        2x1d4     16%         1
 Conjure Flame            Conj/Fire      4%         6-21      41%         3
 Inner Flame              Hex/Fire       4%         N/A       41%         3
 Flame Wave               Conj/Fire      4%         2d5       83%         4


Dungeon Overview and Level Annotations

Branches:
Dungeon (2/15)

Altars:

Annotations:
D:2 Jessica


Innate Abilities, Weirdness & Mutations

You are amphibious.
You cover ground slowly.
You can hop short distances.
You have an extended range of vision and can be seen from far away.


Message History

Jessica's fire resistance burns away.
You hear a shout!
Jessica closely misses you.
A hobgoblin comes into view.
Casting: Scorch (safe; 9% risk of failure)
Press: ? - help, Q - select action, (/) - cycle Dir - look around, f - activate You miscast Scorch.
You are very lightly contaminated with residual magic.
Nothing appears to happen.
Jessica mumbles some strange words.
Jessica seems to speed up.
You don't have enough magic to cast this spell.
You don't have enough magic to cast this spell.
Unknown command.
You don't have enough magic to cast this spell.
Jessica attacks as you move away! Jessica hits you with a +0 club.
You hit Jessica. You burn Jessica.
Jessica is heavily wounded.
Jessica is no longer more vulnerable to fire.
Jessica gestures wildly.
Jessica hits you with a +0 club! Jessica barely misses you.
You hit Jessica. You burn Jessica.
Jessica is severely wounded.
Jessica casts a spell at you.
You barely resist. Jessica hits you with a +0 club.
You closely miss Jessica.
Jessica is severely wounded.
Jessica hits you with a +0 club.
You closely miss Jessica.
Jessica is severely wounded.
Jessica grins evilly.
Jessica hits you with a +0 club.
* * * LOW HITPOINT WARNING * * *
Jessica hits you with a +0 club.
* * * LOW HITPOINT WARNING * * *
It was a potion of degeneration.
There was something very wrong with that liquid.
You feel weakened.
You feel dopey.
You feel clumsy. Jessica hits you with a +0 club.
You die...

#..# ## #..###### ....
#..##... ###..####..##.#
..@...........##########
#.....................
#.#####..#####...#####
.####.#####...............
...(.....@@g.#####...#####
......######## ##### ####


You could see Jessica (fast) and a hobgoblin.

Vanquished Creatures
  An adder (D:2)
  A ball python (D:1)
  A giant cockroach (D:1)
  A goblin (D:2)
  5 hobgoblins (D:1)
  2 quokkas (D:1)
  2 frilled lizards
  A rat (D:1)
14 creatures vanquished.

Notes
Turn   | Place    | Note
-------+----------+-------------------------------------------
     0 | D:1      | Tiocfaidh the Barachi Cinder Acolyte began the quest for
                  | the Orb.
     0 | D:1      | Reached XP level 1. HP: 18/18 MP: 2/2
   173 | D:1      | Noticed a great orb of eyes
   176 | D:1      | Noticed a floating eye
   178 | D:1      | Found a faded altar of an unknown god.
   178 | D:1      | Noticed a golden eye
   180 | D:1      | Noticed a floating eye
   448 | D:1      | Reached XP level 2. HP: 23/25 MP: 3/3
   465 | D:1      | Learned a level 2 spell: Scorch
   984 | D:2      | Reached XP level 3. HP: 6/30 MP: 0/4
  1290 | D:2      | Noticed Jessica
  1305 | D:2      | Slain by Jessica

Illustrated notes

Levels and vault maps discovered:
D:1:      eino_arrival_cavern_d, layout_rooms,
          hellmonk_ecumenical_altar_watching_god
D:2:      layout_loops_ring, uniq_jessica

Skill      XL: |  1  2 |
---------------+-------+-----
Fighting       | 4 |  4.2
Long Blades    | 4 |  4.1
Spellcasting   | |  1.2
Fire Magic     | |  3.6

Action                   || total
-------------------------++-------
Melee: Falchion          ||    40
       Punch             ||     1
 Cast: Scorch            ||     7
  Use: Potion            ||     1
Armor: Robe              ||     5
Dodge: Dodged            ||    25
